 Dungeon Crawl Stone Soup version 0.23.2 (webtiles) character file.

Game seed: 11558297592609107757

180 Borgoz the Skirmisher (level 5, 0/46 HPs)
             Began as a Ghoul Fighter on Apr 4, 2019.
             Was an Initiate of Ashenzari.
             Slain by a hobgoblin (1 damage)
             ... led by Robin
             ... on level 2 of the Dungeon.
             The game lasted 00:02:37 (1519 turns).

Borgoz the Skirmisher (Ghoul Fighter)               Turns: 1519, Time: 00:02:38

Health: 0/46       AC:  6    Str: 20    XL:     5   Next: 60%
Magic:  4/4        EV: 10    Int:  4    God:    Ashenzari [......]
Gold:   115        SH:  0    Dex:  8    Spells: 4/4 levels left

rFire    . . .     SeeInvis .   a - +0 rapier
rCold    + . .     Gourm    .   (no shield)
rNeg     + + +     Faith    .   b - +0 scale mail
rPois    ∞         Spirit   .   (no helmet)
rElec    .         Reflect  .   (no cloak)
rCorr    .         Harm     .   (no gloves)
MR       .....                  (no boots)
Stlth    ..........             (no amulet)
HPRegen  0.00/turn              (no ring)
MPRegen  0.09/turn              (no ring)

@: flying, rotting
A: rotting body, claws 1, carnivore, cold resistance 1, negative energy
resistance 3, inhibited regeneration, torment resistance, unbreathing
a: Curse Item, Renounce Religion


You were on level 2 of the Dungeon.
You worshipped Ashenzari.
Ashenzari was noncommittal.
You were not hungry.

You visited 1 branch of the dungeon, and saw 2 of its levels.

You collected 115 gold pieces.

Inventory:

Hand Weapons
 a - a +0 rapier (weapon)
Armour
 b - a +0 scale mail (worn)
 c - a +0 shield
Scrolls
 e - 7 scrolls of identify {unknown}
 j - a scroll of noise {unknown}
 k - a scroll of remove curse
Potions
 d - a potion of might
Comestibles
 f - 7 rations
 h - 2 chunks of flesh


   Skills:
 + Level 3.8 Fighting
 * Level 3.0 Short Blades
 * Level 3.5 Armour
 * Level 2.1 Dodging
 + Level 1.8 Stealth
 - Level 2.6 Shields


You had 4 spell levels left.
You didn't know any spells.
Your spell library was empty.

Dungeon Overview and Level Annotations

Branches:
Dungeon (2/15)

Altars:
Ashenzari
Zin


Innate Abilities, Weirdness & Mutations

Your body is rotting away.
You thrive on raw meat.
You are immune to poison.
You have sharp fingernails.
You are carnivorous and can eat meat at any time.
Your flesh is cold resistant. (rC+)
You are immune to negative energy. (rN+++)
You do not regenerate when monsters are visible.
You are immune to unholy pain and torment.
You can survive without breathing.


Message History

* * * LOW HITPOINT WARNING * * *
The hobgoblin closely misses you. The goblin hits you but does no damage.
It was a potion of flight.
You feel very buoyant.
You fly up into the air.
The goblin closely misses you. The goblin barely misses you.
The hobgoblin barely misses you.
The goblin hits you with a +2 dagger of protection.
* * * LOW HITPOINT WARNING * * *
The hobgoblin barely misses you. The goblin hits you but does no damage.
The hobgoblin hits you.
* * * LOW HITPOINT WARNING * * *
The goblin hits you but does no damage.
Okay, then.
As you read the scroll labeled PIAMIG FIBYQO, it crumbles to dust.
It is a scroll of amnesia.
You feel forgetful for a moment. The goblin barely misses you.
The hobgoblin hits you but does no damage.
The goblin hits you but does no damage. The goblin barely misses you.
The hobgoblin hits you.
You die...

................ #...
#.........######## #...
#............#### #....
#.........##.#..## #....
#...............##
#.....#.#####.####.#..#>
#.....#.......####.#..##
#.....ggg..####....#..#
......g@g.......###...#
......ggg.####..#.'...##
.......##....#....#.....
....... ####.#.####.....
....... ##...## #.....
....... #.....# #.....
....... #.....###.....
....... #.............
#.............


You could see 3 hobgoblins and 5 goblins.

Vanquished Creatures
  A centaur (D:2)
  A crimson imp (D:2)
  Robin (D:2)
  An adder (D:2)
  An ooze (D:2)
  A dart slug (D:1)
  A leopard gecko (D:2)
  A ball python (D:2)
  3 bats
  5 goblins
  9 hobgoblins
  2 jackals (D:2)
  A quokka (D:2)
  5 frilled lizards
  6 kobolds
  A rat (D:1)
40 creatures vanquished.

Notes
Turn   | Place    | Note
-------+----------+-------------------------------------------
     0 | D:1      | Borgoz the Ghoul Fighter began the quest for the Orb.
     0 | D:1      | Reached XP level 1. HP: 19/19 MP: 0/0
   147 | D:1      | Reached XP level 2. HP: 21/25 MP: 1/1
   641 | D:1      | Reached skill level 1 in Dodging
   688 | D:2      | Noticed a crimson imp
   752 | D:2      | Killed a crimson imp
   752 | D:2      | Reached skill level 1 in Stealth
   752 | D:2      | Reached XP level 3. HP: 8/31 MP: 2/2
   914 | D:2      | Reached XP level 4. HP: 33/37 MP: 3/3
   994 | D:2      | Noticed a centaur
  1012 | D:2      | Killed a centaur
  1012 | D:2      | Reached XP level 5. HP: 10/46 MP: 4/4
  1285 | D:2      | Found a shattered altar of Ashenzari.
  1301 | D:2      | Became a worshipper of Ashenzari the Shackled
  1338 | D:2      | Found a glowing silver altar of Zin.
  1502 | D:2      | Noticed Robin
  1514 | D:2      | Killed Robin
  1518 | D:2      | HP: 1/46 [hobgoblin[Robin] (5)]
  1519 | D:2      | Slain by a hobgoblin

Skill      XL: |  1  2  3  4  5 |
---------------+----------------+-----
Short Blades   | 2 3 |  3.0
Dodging        | 1 2 |  2.1
Armour         | 3 |  3.5
Stealth        | 1 |  1.8
Fighting       | |  3.8
Shields        | |  2.6

Action                   |  1- 3 |  4- 6 || total
-------------------------+-------+-------++-------
Melee: Rapier            |   119 |    73 ||   192
Throw: Throwing net      |       |     2 ||     2
  Use: Scroll            |       |     1 ||     1
       Potion            |       |     1 ||     1
  Eat: Chunk             |     5 |     2 ||     7
Armor: Scale mail        |    44 |    64 ||   108
Dodge: Dodged            |    57 |    67 ||   124
